 Dungeon Crawl Stone Soup version 0.21-a0-401-g0b6bec4 (webtiles) character file.

736 tilp the Cleaver (level 7, -1/67 HPs)
             Began as a Hill Orc Fighter on Oct 23, 2017.
             Was a Priest of Uskayaw.
             Slain by a gnoll
             ... wielding a +0 halberd
              (10 damage)
             ... on level 5 of the Dungeon.
             The game lasted 00:08:44 (4605 turns).

tilp the Cleaver (Hill Orc Fighter)                 Turns: 4605, Time: 00:08:45

Health: -1/67      AC:  8    Str: 21      XL:     7   Next: 74%
Magic:  7/7        EV:  7    Int:  8      God:    Uskayaw [***...]
Gold:   172        SH:  8    Dex:  6 (10) Spells: 6/6 levels left

rFire    . . .     SeeInvis .   a - +0 war axe
rCold    . . .     Gourm    .   c - +0 shield
rNeg     . . .     Faith    .   x - +0 scale mail
rPois    .         Spirit   .   (no helmet)
rElec    .         Reflect  .   D - +0 cloak
rCorr    .         Harm     .   (no gloves)
MR       .....                  (no boots)
Stlth    ..........             (no amulet)
HPRegen  0.21/turn              (no ring)
MPRegen  0.10/turn              (no ring)

@: no status effects
A: no striking features
a: Stomp, Line Pass, Renounce Religion


You were on level 5 of the Dungeon.
You worshipped Uskayaw.
Uskayaw was noncommittal.
You were not hungry.

You visited 2 branches of the dungeon, and saw 6 of its levels.

You collected 172 gold pieces.

Inventory:

Hand Weapons
 a - a +0 war axe (weapon)
 b - a +0 hunting sling
 k - a +0 hand axe
Missiles
 r - 25 sling bullets
 w - 88 stones (quivered)
Armour
 c - a +0 shield (worn)
 p - a +0 cloak
 x - a +0 scale mail (worn)
 y - a +2 leather armour of cold resistance
 D - a +0 cloak (worn)
Jewellery
 q - an uncursed ring of magical power {unknown}
 z - an uncursed ring of stealth {unknown}
Scrolls
 j - 4 scrolls of teleportation
 t - 2 scrolls of remove curse
Potions
 d - a potion of might
 e - 2 potions of lignification {unknown}
 g - a potion of curing {unknown}
 l - 2 potions of haste {unknown}
 m - a potion of magic {unknown}
 n - 3 potions of flight {unknown}
 o - 2 potions of berserk rage {unknown}
 s - a potion of resistance {unknown}
 v - a potion of ambrosia {unknown}
 A - a potion of cancellation {unknown}
 C - a potion of agility {unknown}
 F - a potion of heal wounds {unknown}
Comestibles
 f - 3 bread rations
 h - 5 fruits
 i - a royal jelly
 u - 3 meat rations
 E - a chunk of flesh


   Skills:
 + Level 7.9 Fighting
 + Level 8.1 Axes
 - Level 3.2 Armour
 - Level 3.2 Shields


You had 6 spell levels left.
You didn't know any spells.

Dungeon Overview and Level Annotations

Branches:
Dungeon (5/15)             Temple (1/1) D:4

Altars:
Ashenzari
Cheibriados
Dithmenos
Elyvilon
Fedhas
Gozag
Hepliaklqana
Kikubaaqudgha
Makhleb
Nemelex Xobeh
Okawaru
Ru
Sif Muna
Trog
Uskayaw
Wu Jian
Xom
Yredelemnul
The Shining One

Annotations:
D:2 Usk - access from hatch, need tele or wand to get out


Message History

The adder is no longer paralysed.
The centaur is no longer paralysed.
The hound is no longer paralysed.
The scorpion is no longer paralysed.
The gnoll is no longer paralysed. x2; The centaur hits you.
* * * LOW HITPOINT WARNING * * *
The gnoll hits you but does no damage.
Your shield prevents you from hitting the centaur.
The centaur is almost dead.
You closely miss the gnoll.
The orc is no longer paralysed.
The quokka is no longer paralysed.
You block the centaur's attack. The gnoll hits you with a halberd.
* * * LOW HITPOINT WARNING * * *
The gnoll hits you from afar with a vampiric spear.
* * * LOW HITPOINT WARNING * * *
The centaur closely misses you.
You completely miss the centaur.
The centaur is almost dead.
You hit the gnoll. The centaur hits you.
* * * LOW HITPOINT WARNING * * *
You block the gnoll's attack. The gnoll hits you with a halberd!
You die... ....?. ..... #.# .... #.# #... #.. ###### #.sr ##.# #.....
Shg

#..# ##....#
#g###.#######..####
#c@##....##.<###
.....o##(........##
...o# ##..(.....#
... #.#..#....# .
#########.# #..#
#..# ##.# .#


You could see a centaur, a scorpion, a hound, an orc wizard, 2 gnolls, an adder,
an orc and a quokka.

Vanquished Creatures
  The ghost of anet the Magician, an amateur DEWz (D:4)
  The ghost of Moloch the Conjurer, an amateur DsWz (D:3)
  A bullfrog (D:3)
  A scorpion (D:4)
  A quasit (D:5)
  2 jellies (D:4)
  An orc wizard (D:4)
  2 orc priests (D:4)
  Crazy Yiuf (D:3)
  Jessica (D:2)
  2 worker ants (D:4)
  A gnoll (D:5)
  2 adders
  An ooze (D:1)
  A worm (D:3)
  2 dart slugs (D:1)
  2 leopard geckos
  5 orcs
  A ball python (D:4)
  5 bats
  3 giant cockroaches
  8 goblins
  A hobgoblin (D:1)
  5 jackals
  8 kobolds
  A quokka (D:3)
  6 frilled lizards
  A leopard gecko skeleton (D:4)
  8 rats
75 creatures vanquished.

Notes
Turn   | Place    | Note
-------+----------+-------------------------------------------
     0 | D:1      | tilp the Hill Orc Fighter began the quest for the Orb.
     0 | D:1      | Reached XP level 1. HP: 19/19 MP: 1/1
    28 | D:1      | Reached skill level 3 in Axes
    53 | D:1      | Reached XP level 2. HP: 26/27 MP: 2/2
   150 | D:1      | Reached XP level 3. HP: 34/34 MP: 3/3
   628 | D:2      | Reached skill level 4 in Axes
  1295 | D:2      | Found a hide-covered altar of Uskayaw.
  1417 | D:2      | Found a faded altar of an unknown god.
  1625 | D:2      | Noticed Jessica
  1642 | D:2      | Killed Jessica
  1642 | D:2      | Reached skill level 5 in Fighting
  1642 | D:2      | Reached XP level 4. HP: 42/42 MP: 4/4
  2128 | D:3      | Noticed a bullfrog
  2155 | D:3      | Killed a bullfrog
  2155 | D:3      | Reached skill level 5 in Axes
  2155 | D:3      | Reached XP level 5. HP: 32/50 MP: 5/5
  2631 | D:3      | Noticed Moloch's ghost (amateur DsWz)
  2642 | D:3      | Killed Moloch's ghost
  2642 | D:3      | Reached skill level 6 in Axes
  2642 | D:3      | Reached XP level 6. HP: 42/57 MP: 6/6
  2947 | D:3      | Found a runed door.
  2951 | D:3      | Noticed Crazy Yiuf
  2954 | D:3      | Killed Crazy Yiuf
  3182 | D:4      | Noticed anet's ghost (amateur DEWz)
  3210 | D:4      | Killed anet's ghost
  3210 | D:4      | Reached skill level 7 in Axes
  3210 | D:4      | Reached XP level 7. HP: 22/64 MP: 7/7
  3717 | D:4      | Found an ornate altar of the Wu Jian Council.
  3728 | D:4      | Found a staircase to the Ecumenical Temple.
  3737 | Temple   | Entered the Ecumenical Temple
  3791 | Temple   | Became a worshipper of Uskayaw the Reveler
  4023 | D:4      | Reached * piety under Uskayaw
  4033 | D:4      | Reached ** piety under Uskayaw
  4037 | D:4      | Reached *** piety under Uskayaw
  4040 | D:4      | Reached **** piety under Uskayaw
  4542 | D:4      | Reached skill level 8 in Axes
  4567 | D:5      | Entered Level 5 of the Dungeon
  4605 | D:5      | Slain by a gnoll

Vault maps used:
D:1:      lemuel_arrival_tunnels
D:2:      chequers_ecumenical_altar_lobes, serial_forest,
          infiniplex_forest_clump_large, infiniplex_forest_straight_2,
          infiniplex_forest_lined_3, infiniplex_forest_end_2,
          infiniplex_forest_lined_2, infiniplex_forest_clump_tiny,
          infiniplex_forest_lined_room_, infiniplex_forest_lined_3,
          lemuel_statue_altar, uniq_jessica
D:3:      uniq_crazy_yiuf_cottage
D:4:      nicolae_overflow_hidden_temple, minmay_temple_entry_poolview,
          first_bread, minmay_cupped
D:5:      enter_ossuary_3
Temple:   compressed_dpeg_circular_temple

Skill      XL: |  1  2  3  4  5  6  7 |
---------------+----------------------+-----
Axes           | 3 4 5 6 7 8 |  8.1
Fighting       | 4 5 6 7 |  7.9
Armour         | |  3.2
Shields        | |  3.2

Action                   |  1- 3 |  4- 6 |  7- 9 || total
-------------------------+-------+-------+-------++-------
Melee: War axe           |    88 |    80 |    83 ||   251
Throw: Stone             |       |       |     1 ||     1
Invok: Stomp             |       |       |     1 ||     1
  Use: Scroll            |       |     1 |     1 ||     2
 Stab: Paralysed         |       |       |     3 ||     3
  Eat: Chunk             |     2 |     4 |     4 ||    10
       Fruit             |       |     1 |     1 ||     2
Armor: Scale mail        |    41 |    25 |    40 ||   106
Dodge: Dodged            |    32 |    21 |    29 ||    82
Block: Shield            |    53 |    34 |    32 ||   119

Table legend:
 A = Spawn XP
 B = Non-spawn XP
 C = Spawn XP percentage of total XP
 D = Spawn monster count
 E = Non-spawn monster count
 F = Spawn count percentage of total count
 G = Total turns spent on level
                    A         B        C        D         E        F      G
               +---------+---------+-------+---------+---------+-------+---------
         Total |       0 |    1052 |   0.0 |       0 |      75 |   0.0 |  4605
               +---------+---------+-------+---------+---------+-------+---------
           D:1 |       0 |      49 |   0.0 |       0 |      24 |   0.0 |   593
           D:2 |       0 |      65 |   0.0 |       0 |      11 |   0.0 |  1542
           D:3 |       0 |     279 |   0.0 |       0 |      21 |   0.0 |  1015
           D:4 |       0 |     599 |   0.0 |       0 |      17 |   0.0 |  1323
           D:5 |       0 |      60 |   0.0 |       0 |       2 |   0.0 |    38
               +---------+---------+-------+---------+---------+-------+---------
